 Dungeon Crawl Stone Soup version 0.26.1-11-gd32895ea62 (webtiles) character file.

Game seed: 4331584072849735157

189 phalm the Conjurer (level 5, -5/38 HPs)
             Began as a Mummy Conjurer on June 21, 2021.
             Was an Initiate of Gozag.
             Killed from afar by Ijyb (10 damage)
             ... with a bolt of acid
             ... on level 3 of the Dungeon.
             The game lasted 00:06:02 (3876 turns).

phalm the Conjurer (Mummy Conjurer)                 Turns: 3876, Time: 00:06:02

Health: -5/38      AC: -1    Str: 10    XL:     5   Next: 40%
Magic:  6/11       EV: 12    Int: 19    God:    Gozag
Gold:   430        SH:  0    Dex: 10    Spells: 5/12 levels left

rFire    x . .     SeeInvis .   h - +2 dagger (protect)
rCold    + + .     Faith    .   (no shield)
rNeg     + + +     Spirit   .   a - +0 robe
rPois    ∞         Reflect  .   (no helmet)
rElec    .         Harm     .   (no cloak)
rCorr    .         Rampage  .   e - +0 pair of gloves
Will     .....                  (no boots)
Stlth    +++.......             (no amulet)
HPRegen  0.12/turn              C - ring of protection from cold
MPRegen  0.12/turn              Q - ring of stealth

@: corroded
A: no potions, fire vulnerability, cold resistance 1, negative energy resistance
3, torment resistance, unbreathing
a: Renounce Religion, Potion Petition, Call Merchant, Bribe Branch


You were on level 3 of the Dungeon.
You worshipped Gozag.
Gozag was aware of your devotion.
You visited 1 branch of the dungeon, and saw 3 of its levels.

You collected 471 gold pieces.
You paid 41 gold pieces to Gozag.


Innate Abilities, Weirdness & Mutations

You do not drink.
Your flesh is vulnerable to fire.
You are immune to poison.
Your flesh is cold resistant. (rC+)
You are immune to negative energy. (rN+++)
You are immune to unholy pain and torment.
You can survive without breathing.


   Skills:
 + Level 2.2 Fighting
 - Level 1.5 Dodging
 - Level 1.5 Stealth
 + Level 4.0 Spellcasting
 + Level 4.2 Conjurations
 * Level 1.6 Translocations


You had 5 spell levels left.
You knew the following spells:

 Your Spells              Type           Power        Failure   Level
m - Magic Dart            Conj           80%          2%          1
s - Searing Ray           Conj           40%          3%          2
X - Iskenderun's Mystic   Conj/Tloc      15%          38%         4

Your spell library contained the following spells:

 Spells                   Type           Power        Failure   Level
 Dazzling Flash           Conj/Hex       22%          17%         3
 Fulminant Prism          Conj/Hex       5%           50%         4

Inventory:

Hand Weapons
 h - a +2 dagger of protection (weapon)
   (You took it off a goblin on level 1 of the Dungeon)
 j - a +0 rapier
   (You found it on level 2 of the Dungeon)
Missiles
 b - 53 stones
 i - 21 arrows
 l - 4 boomerangs
 m - 2 poisoned darts (quivered)
Armour
 a - a +0 robe (worn)
 e - a +0 pair of gloves (worn)
   (You found it on level 1 of the Dungeon)
Jewellery
 C - a ring of protection from cold (left hand)
   (You found it on level 1 of the Dungeon)
 Q - a ring of stealth (right hand)
   (You found it on level 2 of the Dungeon)
Scrolls
 c - 2 scrolls of identify {unknown}
 d - 3 scrolls of teleportation {unknown}
 f - 2 scrolls of remove curse {unknown}
 g - a scroll of fear {unknown}
 k - a scroll of enchant weapon {unknown}
 n - a scroll of blinking {unknown}

Dungeon Overview and Level Annotations

Branches:
Dungeon (3/15)

Altars:
Gozag
Vehumet
Wu Jian
Yredelemnul

Annotations:
D:3 Ijyb

......<...##...#.##
..........##......#
#########......####
####.#.# #.#.###
#.#...# #.###.# #.
#.# #@# #...g.#
#######


You could see Ijyb.


Message History

Aiming: Magic Dart (safe; 2% risk of failure)
Press: ? - help, Shift-Dir - straight line, f/p - adder
Aim: an adder (moderately wounded, 0% to evade)
The magic dart hits the adder but does no damage. 😎 MP[-1]
You lost 1 mp, and now have 8/10 mp.
Casting: Magic Dart (safe; 2% risk of failure)
Confirm with . or Enter, or press ? or * to list all spells.
Aiming: Magic Dart (safe; 2% risk of failure)
Press: ? - help, Shift-Dir - straight line, f/p - adder
Aim: an adder (lightly wounded, 0% to evade)
The magic dart hits the adder. 😎 MP[-1]
You lost 1 mp, and now have 7/10 mp.
Casting: Magic Dart (safe; 2% risk of failure)
Confirm with . or Enter, or press ? or * to list all spells.
Aiming: Searing Ray (safe; 3% risk of failure)
Press: ? - help, Shift-Dir - straight line, f/p - adder
Aim: an adder (moderately wounded, 37% to evade)
The searing ray hits the adder!
You kill the adder! (Press . to maintain the ray.)
Your Spellcasting skill increases to level 4! 😎 MP[-2]
You lost 2 mp, and now have 5/11 mp. 😎 MP[-1]
You lost 1 mp, and now have 4/11 mp.
An orc comes into view. It is wielding a +0 hand axe. 😎 MP[+7]
Your mp is fully restored (11).
Casting: Searing Ray (safe; 3% risk of failure)
Confirm with . or Enter, or press ? or * to list all spells.
Aiming: Magic Dart (safe; 2% risk of failure)
Press: ? - help, Shift-Dir - straight line, f - orc
Aim: an orc, wielding a +0 hand axe (asleep, 0% to evade)
The magic dart hits the orc.
The orc shouts! 😎 MP[-1]
You lost 1 mp, and now have 10/11 mp.
Casting: Magic Dart (safe; 2% risk of failure)
Confirm with . or Enter, or press ? or * to list all spells.
Aiming: Magic Dart (safe; 2% risk of failure)
Press: ? - help, Shift-Dir - straight line, f/p - orc
Aim: an orc, wielding a +0 hand axe (severely wounded, 0% to evade)
The magic dart hits the orc.
You kill the orc! 😎 MP[-1]
You lost 1 mp, and now have 9/11 mp.
A rat comes into view.
Casting: Magic Dart (safe; 2% risk of failure)
Confirm with . or Enter, or press ? or * to list all spells.
Aiming: Magic Dart (safe; 2% risk of failure)
Press: ? - help, Shift-Dir - straight line, f - rat
Aim: a rat (0% to evade)
The magic dart hits the rat.
You kill the rat! 😎 MP[-1]
You lost 1 mp, and now have 8/11 mp.
Casting: Magic Dart (safe; 2% risk of failure)
Confirm with . or Enter, or press ? or * to list all spells.
You can't see any susceptible monsters within range! (Use Z to cast anyway.)
You now have 408 gold pieces (gained 4).
You now have 418 gold pieces (gained 10).
You now have 424 gold pieces (gained 6).
You see here a +0 hand axe. 😎 MP[+3]
Your mp is fully restored (11).
You now have 430 gold pieces (gained 6).
n - a scroll labelled FEEBRI QOLAPT
Found a stone staircase leading down.
Ijyb the Twisted Goblin comes into view.
She is wielding a -3 club and carrying a wand of acid (3).
Casting: Magic Dart (safe; 2% risk of failure)
Confirm with . or Enter, or press ? or * to list all spells.
Aiming: Searing Ray (safe; 3% risk of failure)
Press: ? - help, Shift-Dir - straight line, f - Ijyb
Aim: Ijyb, wielding a -3 club, wearing a +0 leather armour and carrying a wand of acid (3) (asleep, 0% to evade)
The searing ray hits Ijyb.
Ijyb shouts! (Press . to maintain the ray.) Ijyb zaps a wand.
The bolt of acid hits you!!
Ouch! That really hurt!
* * * LOW HITPOINT WARNING * * *
The acid corrodes you!
You are splashed with acid!
* * * LOW HITPOINT WARNING * * *
😱 HP[-34] MP[-2]
You take 34 damage, and now have 4/38 hp.
MASSIVE DAMAGE!! (PAUSE)
You lost 2 mp, and now have 9/11 mp.
The searing ray hits Ijyb. 😱 MP[-1]
You lost 1 mp, and now have 8/11 mp.
The searing ray hits Ijyb.
Ijyb barely misses you. 😱 MP[-1]
You lost 1 mp, and now have 7/11 mp.
The searing ray misses Ijyb.
You finish channeling your searing ray.
Ijyb zaps a wand.
The bolt of acid hits you!
You die...
Your body crumbles into a pile of gold.

Skill      XL: |  1  2  3  4  5 |
---------------+----------------+-----
Spellcasting   | 3 4 |  4.0
Fighting       | 1 2 |  2.2
Conjurations   | 4 |  4.2
Translocations | 1 |  1.6
Dodging        | |  1.5
Stealth        | |  1.5

Action                   |  1- 3 |  4- 6 || total
-------------------------+-------+-------++-------
Melee: Unarmed           |     7 |       ||     7
       Dagger            |     1 |     2 ||     3
Throw: Stone             |       |     2 ||     2
 Cast: Magic Dart        |    99 |    77 ||   176
       Searing Ray       |     2 |     5 ||     7
Armor: Robe              |     6 |     2 ||     8
Dodge: Dodged            |    14 |    10 ||    24

Levels and vault maps discovered:
D:1:      dpeg_arrival_lava_temple_mockup, layout_loops_ring,
          roderic_st_hans_cross
D:2:      layout_basic, lemuel_coloured_pillars_altar, lemuel_doored_altar,
          lemuel_round_altar, lemuel_tele_altar
D:3:      layout_basic, uniq_ijyb

Notes
Turn   | Place    | Note
-------+----------+-------------------------------------------
     0 | D:1      | phalm the Mummy Conjurer began the quest for the Orb.
     0 | D:1      | Reached XP level 1. HP: 13/13 MP: 4/4
     0 | D:1      | magus.rc [v1.9.10]
   252 | D:1      | Reached skill level 3 in Spellcasting
   252 | D:1      | Reached XP level 2. HP: 20/20 MP: 0/6
   255 | D:1      | Learned a level 2 spell: Searing Ray
   566 | D:1      | Reached skill level 1 in Fighting
   885 | D:1      | Reached XP level 3. HP: 26/26 MP: 3/7
  1484 | D:2      | Found a radiant altar of Vehumet.
  1608 | D:2      | Found an opulent altar of Gozag.
  1616 | D:2      | Became a worshipper of Gozag Ym Sagoz the Greedy
  1725 | D:2      | Found an ornate altar of the Wu Jian Council.
  1859 | D:2      | Found a basalt altar of Yredelemnul.
  2146 | D:2      | Reached skill level 4 in Conjurations
  2395 | D:2      | Reached XP level 4. HP: 25/32 MP: 2/9
  2400 | D:2      | Learned a level 4 spell: Iskenderun's Mystic Blast
  2991 | D:3      | Reached skill level 1 in Translocations
  3115 | D:3      | Reached skill level 2 in Fighting
  3121 | D:3      | Reached XP level 5. HP: 38/38 MP: 0/10
  3736 | D:3      | Reached skill level 4 in Spellcasting
  3872 | D:3      | Noticed Ijyb
  3873 | D:3      | HP: 4/38 [acid (11)]
  3876 | D:3      | Killed from afar by Ijyb

Vanquished Creatures
  A hound (D:3)
  A worker ant (D:3)
  3 adders
  2 oozes (D:1)
  3 worms
  4 dart slugs
  3 leopard geckos
  6 orcs (D:3)
  A giant cockroach (D:3)
  11 goblins
  5 hobgoblins
  4 jackals (D:3)
  3 kobolds
  4 quokkas
  9 bats
  6 frilled lizards
  10 rats
76 creatures vanquished.

Table legend:
 A = Non-vault XP
 B = Vault XP
 C = Vault XP percentage of total XP
 D = Non-vault monster count
 E = Vault monster count
 F = Vault count percentage of total count
                 A         B        C        D         E       F
            +---------+---------+-------+---------+---------+-------
      Total |     271 |       0 |   0.0 |      76 |       0 |   0.0
            +---------+---------+-------+---------+---------+-------
        D:1 |      51 |       0 |   0.0 |      21 |       0 |   0.0
        D:2 |      53 |       0 |   0.0 |      21 |       0 |   0.0
        D:3 |     167 |       0 |   0.0 |      34 |       0 |   0.0
            +---------+---------+-------+---------+---------+-------

Illustrated notes

Table legend:
 A = Kills in this place as a percentage of kills in entire the game.
 B = Kills by you in this place as a percentage of kills by you in the entire game.
 C = Kills by friends in this place as a percentage of kills by friends in the entire game.
 D = Other kills in this place as a percentage of other kills in the entire game.
 E = Experience gained in this place as a percentage of experience gained in the entire game.
 F = Experience gained in this place divided by the number of levels of this place that you have seen.
                   A       B       C       D       E      F
               +-------+-------+-------+-------+-------+----------------------
         Total | 100.0 | 100.0 |   N/A |   N/A | 100.0 |  90.3
       Dungeon | 100.0 | 100.0 |   N/A |   N/A | 100.0 |  90.3
               +-------+-------+-------+-------+-------+----------------------

Table legend: (Time is in decaauts)
 A = Elapsed time spent in this place.
 B = Non-inter-level travel time spent in this place.
 C = Inter-level travel time spent in this place.
 D = Time resting spent in this place.
 E = Time spent auto-exploring this place.
 F = Levels seen in this place.
 G = Mean time per level.
                   A        B        C        D        E       F      G
               +--------+--------+--------+--------+--------+-----+--------+
         Total |   3875 |   3717 |    158 |     10 |   3262 |   3 | 1291.7 |
       Dungeon |   3875 |   3717 |    158 |     10 |   3262 |   3 | 1291.7 |
               +--------+--------+--------+--------+--------+-----+--------+

Top non-repeatable levels by time:
     D:2: 1554 daAuts
     D:1: 1356 daAuts
     D:3: 964 daAuts
